 Dungeon Crawl Stone Soup version 0.21-a0-221-gfe971b9 (webtiles) character file.

5 Goblin1989 the Sneak (level 1, -3/17 HPs)
             Began as a Demonspawn Assassin on Aug 28, 2017.
             Slain by a hobgoblin
             ... wielding a +0 club
              (4 damage)
             ... on level 1 of the Dungeon.
             The game lasted 00:00:28 (112 turns).

Goblin1989 the Sneak (Demonspawn Assassin)           Turns: 112, Time: 00:00:29

Health: -3/17      AC:  3    Str: 11    XL:     1   Next: 66%
Magic:  1/1        EV: 11    Int: 12    God:
Gold:   23         SH:  0    Dex: 14    Spells: 0/0 levels left

rFire    . . .     SeeInvis .   a - +2 dagger
rCold    . . .     Gourm    .   (no shield)
rNeg     . . .     Faith    .   c - +0 robe
rPois    .         Spirit   .   (no helmet)
rElec    .         Reflect  .   d - +0 cloak
rCorr    .         Harm     .   (no gloves)
MR       .....                  (no boots)
Stlth    ++........             (no amulet)
HPRegen  0.05/turn              (no ring)
MPRegen  0.07/turn              (no ring)

@: no status effects
A: no striking features
a: no special abilities


You were on level 1 of the Dungeon.
You were not hungry.

You visited 1 branch of the dungeon, and saw 1 of its levels.

You collected 23 gold pieces.

Inventory:

Hand Weapons
 a - a +2 dagger (weapon)
 w - a +0 blowgun {@w1}
Missiles
 f - 2 curare-tipped needles
 g - 8 poisoned needles
 x - 42 stones (quivered)
Armour
 c - a +0 robe (worn)
 d - a +0 cloak (worn)
Potions
 v - a potion of curing {unknown}
Comestibles
 e - a bread ration {@e1}
 u - 2 chunks of flesh


   Skills:
 + Level 2.5 Fighting
 - Level 1.7 Short Blades
 - Level 1.7 Throwing
 - Level 0.8 Dodging
 - Level 3.6 Stealth


You couldn't memorise any spells.
You didn't know any spells.

Dungeon Overview and Level Annotations

Branches:
Dungeon (1/15)

Altars:


Message History

You now have 23 gold pieces (gained 11).
You butcher the goblin corpse.
u - 2 chunks of flesh You see here a dagger. x2
There is an open door here.
You open the door.
There is an open door here.
You see here a mace.
You open the door.
There is an open door here.
x - 42 stones (gained 23)
Found a stone staircase leading down.
A leopard gecko comes into view.
A hobgoblin comes into view.
The hobgoblin shouts!
A hobgoblin comes into view. It is wielding a club.
You see here 10 gold pieces.
The hobgoblin shouts!
The hobgoblin barely misses you.
The leopard gecko hisses angrily.
You hit the hobgoblin.
The hobgoblin is heavily wounded.
The hobgoblin hits you but does no damage.
You closely miss the hobgoblin.
The hobgoblin is heavily wounded.
The hobgoblin barely misses you.
You closely miss the hobgoblin.
The hobgoblin is heavily wounded.
The hobgoblin hits you but does no damage.
The hobgoblin hits you.
You take 2 damage, and have 14/16 hp.
You hit the hobgoblin.
The hobgoblin is almost dead.
The hobgoblin hits you. The hobgoblin hits you with a club.
You hit the hobgoblin.
You kill the hobgoblin!
The hobgoblin barely misses you.
You take 1 damage, and have 13/17 hp.
You miss the leopard gecko. The leopard gecko closely misses you.
You hit the leopard gecko.
The leopard gecko is heavily wounded.
The leopard gecko bites you. The hobgoblin hits you with a club.
You take 3 damage, and have 10/17 hp.
You are too injured to fight recklessly!
You are too injured to fight recklessly!
You are too injured to fight recklessly!
You are too injured to fight recklessly!
You are too injured to fight recklessly!
You are too injured to fight recklessly!
You are too injured to fight recklessly!
The leopard gecko closely misses you.
You see here 10 gold pieces.
You hit the leopard gecko but do no damage.
The leopard gecko is heavily wounded.
The leopard gecko completely misses you.
You barely miss the leopard gecko.
The leopard gecko is heavily wounded.
The leopard gecko bites you.
* * * LOW HITPOINT WARNING * * *
You take 3 damage, and have 7/17 hp.
You hit the leopard gecko.
The leopard gecko is almost dead.
The leopard gecko bites you.
* * * LOW HITPOINT WARNING * * *
The leopard gecko barely misses you.
You take 2 damage, and have 5/17 hp.
You barely miss the leopard gecko.
The leopard gecko is almost dead.
The leopard gecko bites you but does no damage.
You hit the leopard gecko.
You kill the leopard gecko!
You hit the hobgoblin.
The hobgoblin is moderately wounded.
The hobgoblin closely misses you.
You hit the hobgoblin.
The hobgoblin is severely wounded.
The hobgoblin completely misses you.
You hit the hobgoblin but do no damage.
The hobgoblin is severely wounded.
You hit the hobgoblin.
The hobgoblin is almost dead.
The hobgoblin hits you but does no damage.
You hit the hobgoblin but do no damage.
The hobgoblin is almost dead.
The hobgoblin closely misses you.
You barely miss the hobgoblin.
The hobgoblin is almost dead.
The hobgoblin hits you with a club.
* * * LOW HITPOINT WARNING * * *
You take 2 damage, and have 4/17 hp.
You barely miss the hobgoblin.
The hobgoblin is almost dead.
The hobgoblin hits you with a club.
* * * LOW HITPOINT WARNING * * *
You take 3 damage, and have 1/17 hp.
Unknown command.
You closely miss the hobgoblin.
The hobgoblin is almost dead.
The hobgoblin hits you with a club.
You die...

█.█ ........█.█
█.█████████.███.█
█.......∆.█. .█
█████████.███████.█
█..............█
█.██...█.██████
.████.█.██████
>............▲
███.█.█@██████
....█g██████
▲█.███......█ ...
▲..$...█ ...
█.....[█ ..
█......█
█..........█
██$........█
█.........█


You could see a hobgoblin.

Vanquished Creatures
  A leopard gecko (D:1)
  A goblin (D:1)
  A hobgoblin (D:1)
  A rat (D:1)
4 creatures vanquished.

Notes
Turn   | Place    | Note
-------+----------+-------------------------------------------
     0 | D:1      | Goblin1989 the Demonspawn Assassin began the quest for the Orb.
     0 | D:1      | Reached XP level 1. HP: 16/16 MP: 1/1
   112 | D:1      | Slain by a hobgoblin

Vault maps used:
D:1:      onia_arrival_mini_maze_b

Action                   || total
-------------------------++-------
Melee: Dagger            ||    22
Armor: Robe              ||     4
Dodge: Dodged            ||    10

Table legend:
 A = Spawn XP
 B = Non-spawn XP
 C = Spawn XP percentage of total XP
 D = Spawn monster count
 E = Non-spawn monster count
 F = Spawn count percentage of total count
 G = Total turns spent on level
                    A         B        C        D         E        F      G
               +---------+---------+-------+---------+---------+-------+---------
         Total |       0 |       8 |   0.0 |       0 |       4 |   0.0 |   112
               +---------+---------+-------+---------+---------+-------+---------
           D:1 |       0 |       8 |   0.0 |       0 |       4 |   0.0 |   112
               +---------+---------+-------+---------+---------+-------+---------

Vault maps used:
D:1:      onia_arrival_mini_maze_b
